 Dungeon Crawl Stone Soup version 0.23-a0-73-g64c3ba73d4 (console) character file.

2615 Teraco the Cleaver (level 9, -7/84 HPs)
             Began as a Minotaur Berserker on Aug 9, 2018.
             Was a Priest of Trog.
             Mangled by an ogre
             ... wielding a +0 giant club
              (20 damage)
             ... on level 7 of the Dungeon on Aug 10, 2018.
             The game lasted 01:10:03 (5498 turns).

Teraco the Cleaver (Minotaur Berserker)             Turns: 5498, Time: 01:10:04

Health: -7/84      AC:  8    Str: 25    XL:     9   Next: 34%
Magic:  8/8        EV: 11    Int:  4    God:    Trog [***...]
Gold:   343        SH:  0    Dex: 10    Spells: 8/8 levels left

rFire    + . .     SeeInvis .   a - +1 hand axe
rCold    . . .     Gourm    .   (no shield)
rNeg     . . .     Faith    .   l - +0 scale mail (curse)
rPois    .         Spirit   .   (helmet restricted)
rElec    .         Reflect  .   (no cloak)
rCorr    .         Harm     .   G - +0 pair of gloves {archery}
MR       .....                  (no boots)
Stlth    ..........             (no amulet)
HPRegen  0.24/turn              t - ring of protection from fire
MPRegen  0.11/turn              E - +1 ring of protection

@: lethally poisoned (-7 -> -7), about to teleport, berserk cooldown, slowed,
very slow
A: retaliatory headbutt, horns 2
a: Berserk, Trog's Hand, Renounce Religion


You were on level 7 of the Dungeon.
You worshipped Trog.
Trog was most pleased with you.
You were not hungry.

You visited 1 branch of the dungeon, and saw 7 of its levels.

You collected 343 gold pieces.

Inventory:

Hand Weapons
 a - a +1 hand axe (weapon)
 y - a +0 war axe
Missiles
 m - 120 stones (quivered)
 x - 7 tomahawks
Armour
 b - a +0 animal skin
 d - a cursed +0 robe
 f - a +1 robe of fire resistance
 l - a cursed +0 scale mail (worn)
 G - a +0 pair of gloves of archery (worn)
Jewellery
 t - a ring of protection from fire (left hand)
 D - an uncursed ring of flight
 E - a +1 ring of protection (right hand)
Wands
 e - a wand of polymorph (8)
 v - a wand of scattershot (8)
 C - a wand of flame (123)
Scrolls
 g - a scroll of fog
 i - 6 scrolls of identify
 o - a scroll of magic mapping
 p - 2 scrolls of remove curse
 r - 2 scrolls of teleportation
 w - a scroll of fear
 H - 2 scrolls of random uselessness {unknown}
Potions
 h - a potion of might
 j - 2 potions of agility {unknown}
 k - a potion of haste {unknown}
 n - a potion of mutation {unknown}
 q - 2 potions of brilliance {unknown}
 s - a potion of heal wounds
 u - a potion of invisibility {unknown}
 z - 2 potions of resistance {unknown}
 A - 2 potions of curing
 B - a potion of berserk rage {unknown}
 F - a potion of lignification {unknown}
Comestibles
 c - 6 rations
 I - 3 chunks of flesh


   Skills:
 + Level 9.5 Fighting
 * Level 12.4 Axes
 - Level 2.8 Armour
 - Level 2.5 Dodging


You had 8 spell levels left.
You didn't know any spells.
Your spell library contained the following spells:

 Spells                   Type           Power        Failure   Level  Hunger
 Confuse                  Hex            #.......     99%         3    ####...
 Tukima's Dance           Hex            #.......     99%         3    ####...
 Ensorcelled Hibernation  Hex/Ice        #.....       90%         2    ###....
 Corona                   Hex            #......      80%         1    ##.....
 Dazzling Spray           Conj/Hex       #.....       99%         3    ####...


Dungeon Overview and Level Annotations

Branches:
Dungeon (7/15)             Temple (0/1) D:5

Altars:
Dithmenos
Makhleb
Zin


Innate Abilities, Weirdness & Mutations

You reflexively headbutt those who attack you in melee.
You have a pair of horns on your head.


Message History

* * * LOW HITPOINT WARNING * * *
You hit the ogre.
The ogre is moderately wounded.
You feel sick. The ogre closely misses you.
You hit the ogre but do no damage. Your headbutt misses the ogre.
The ogre is moderately wounded.
The ogre hits you with a giant club.
* * * LOW HITPOINT WARNING * * *
You hit the ogre.
The ogre is heavily wounded.
The ogre hits you with a giant club.
* * * LOW HITPOINT WARNING * * *
You barely miss the ogre. You headbutt the ogre.
The ogre is heavily wounded.
The ogre hits you with a giant club!
* * * LOW HITPOINT WARNING * * *
As you read the scroll of teleportation, it crumbles to dust.
You feel strangely unstable.
You feel sick. The ogre hits you with a giant club!!
You die...

### ..# ... #.#
#######.### ..........#
#†# #..# #@# #..# #O# #
...########.#.#
#>........#.#.# +
#.............####.
...###..#####...........
#.......# ##.....####.
#.<# #.#.......
#..######.###.###.>


You could see an ogre.

Vanquished Creatures
  Pikel (D:6)
  Prince Ribbit (D:7)
  Eustachio (D:5)
  A sky beast (D:5)
  A slave (D:6)
  A black bear (D:7)
  2 ice beasts (D:6)
  A phantom (D:6)
  4 ogres
  A centaur (D:6)
  A bullfrog (D:7)
  2 scorpions
  6 killer bees (D:7)
  2 crimson imps
  A bullfrog skeleton (D:5)
  A bullfrog zombie (D:6)
  A centaur skeleton (D:4)
  2 orc wizards (D:4)
  Jessica (D:2)
  3 worker ants
  A hound zombie (D:5)
  A hound skeleton (D:6)
  Robin (D:2)
  4 gnolls (D:5)
  8 adders
  A shadow imp (D:6)
  An adder skeleton (D:6)
  An adder zombie (D:6)
  A dart slug (D:1)
  2 leopard geckos
  11 orcs
  8 bats
  3 giant cockroaches
  15 goblins
  7 hobgoblins
  12 jackals
  A kobold (D:3)
  3 quokkas
  3 ball pythons
  2 frilled lizards
  6 rats
126 creatures vanquished.

Notes
Turn   | Place    | Note
-------+----------+-------------------------------------------
     0 | D:1      | Teraco the Minotaur Berserker began the quest for the Orb.
     0 | D:1      | Reached XP level 1. HP: 19/19 MP: 0/0
   325 | D:1      | Reached XP level 2. HP: 22/27 MP: 1/1
   600 | D:1      | Reached skill level 4 in Axes
   699 | D:1      | Reached XP level 3. HP: 26/33 MP: 2/2
  1281 | D:2      | Noticed Jessica
  1282 | D:2      | Reached ** piety under Trog
  1300 | D:2      | Killed Jessica
  1300 | D:2      | Reached XP level 4. HP: 41/41 MP: 3/3
  1459 | D:2      | Reached skill level 5 in Axes
  1632 | D:2      | Noticed Robin
  1657 | D:2      | Killed Robin
  2706 | D:3      | Upgraded the game from 0.23-a0-57-gd13e5294dc to 0.23-a0-73-g64c3ba73d4
  2739 | D:4      | Reached XP level 5. HP: 47/47 MP: 4/4
  2881 | D:4      | Reached skill level 5 in Fighting
  2881 | D:4      | Reached skill level 6 in Axes
  3082 | D:4      | Reached XP level 6. HP: 56/56 MP: 5/5
  3239 | D:4      | Reached skill level 7 in Axes
  3408 | D:4      | Found a burning altar of Makhleb.
  3408 | D:4      | Found a shadowy altar of Dithmenos.
  3507 | D:5      | Entered Level 5 of the Dungeon
  3540 | D:5      | Noticed a sky beast
  3556 | D:5      | Killed a sky beast
  3556 | D:5      | Reached skill level 8 in Axes
  3556 | D:5      | Reached XP level 7. HP: 40/63 MP: 6/6
  3848 | D:5      | Noticed Eustachio
  3881 | D:5      | Killed Eustachio
  3881 | D:5      | Reached skill level 9 in Axes
  4141 | D:5      | Found a staircase to the Ecumenical Temple.
  4456 | D:5      | Reached XP level 8. HP: 73/73 MP: 7/7
  4595 | D:6      | Reached skill level 10 in Axes
  4959 | D:6      | Found a glowing silver altar of Zin.
  5112 | D:6      | Reached *** piety under Trog
  5123 | D:6      | Noticed Pikel
  5149 | D:6      | Killed Pikel
  5149 | D:6      | Reached skill level 11 in Axes
  5149 | D:6      | Reached XP level 9. HP: 82/82 MP: 8/8
  5411 | D:7      | Noticed Prince Ribbit
  5418 | D:7      | Killed Prince Ribbit
  5426 | D:7      | Reached skill level 12 in Axes
  5498 | D:7      | Mangled by an ogre

Vault maps used:
D:1:      mushboom_english_gardens
D:2:      first_ration, uniq_robin, uniq_jessica
D:4:      gammafunk_temple_overflow_elements
D:5:      minmay_temple_entry_statues_pillars, uniq_eustachio
D:6:      zin_academy, hangedman_minor_gate_pass, uniq_pikel
D:7:      old_standard_altar, serial_shops, kennysheep_little_box, uniq_duvessa,
          uniq_joseph, uniq_prince_ribbit1

Skill      XL: |  1  2  3  4  5  6  7  8  9 |
---------------+----------------------------+-----
Fighting       | 4 5 6 7 8 9 |  9.5
Axes           | 4 5 6 8 9 11 12 | 12.4
Armour         | |  2.8
Dodging        | |  2.5

Action                   |  1- 3 |  4- 6 |  7- 9 || total
-------------------------+-------+-------+-------++-------
Melee: Hand axe          |    67 |   109 |   174 ||   350
       Headbutt          |     6 |    22 |    28 ||    56
Throw: Stone             |       |     1 |       ||     1
Invok: Berserk           |     2 |     4 |     3 ||     9
       Trog's Hand       |     1 |     5 |     4 ||    10
  Use: Scroll            |     5 |     5 |     3 ||    13
  Eat: Chunk             |     1 |     7 |     8 ||    16
       Ration            |     1 |     1 |     1 ||     3
Armor: Animal skin       |    18 |     7 |       ||    25
       Scale mail        |       |    21 |    38 ||    59
Dodge: Dodged            |    38 |    60 |    75 ||   173

Table legend:
 A = Non-vault XP
 B = Vault XP
 C = Vault XP percentage of total XP
 D = Non-vault monster count
 E = Vault monster count
 F = Vault count percentage of total count
 G = Total turns spent on level
                 A         B        C        D         E       F
            +---------+---------+-------+---------+---------+-------
      Total |    2346 |    1391 |  37.2 |     116 |       9 |   7.2
            +---------+---------+-------+---------+---------+-------
        D:1 |      43 |       0 |   0.0 |      24 |       0 |   0.0
        D:2 |     110 |       0 |   0.0 |      22 |       0 |   0.0
        D:3 |      39 |       0 |   0.0 |      14 |       0 |   0.0
        D:4 |     420 |       0 |   0.0 |      20 |       0 |   0.0
        D:5 |     629 |     203 |  24.4 |      14 |       1 |   6.7
        D:6 |     509 |     920 |  64.4 |      14 |       7 |  33.3
        D:7 |     596 |     268 |  31.0 |       8 |       1 |  11.1
            +---------+---------+-------+---------+---------+-------
